 Dungeon Crawl Stone Soup version 0.13-b1-32-g21a608e (webtiles) character file.

5301 Goboxel the Thaumaturge (level 10, -4/50 HPs)
             Began as a Deep Elf Fire Elementalist on Oct 6, 2013.
             Was a Follower of Vehumet.
             Slain by Grum
             ... wielding a -1,+0 glaive
              (24 damage)
             ... on Level 9 of the Dungeon.
             The game lasted 00:43:24 (9937 turns).

Goboxel the Thaumaturge (DEFE)                      Turns: 9937, Time: 00:43:25

HP  -4/50        AC  3     Str  5      XL: 10   Next: 31%
MP  21/31        EV 15     Int 24      God: Vehumet [*.....]
Gold 243         SH  0     Dex 15      Spells:  5 memorised, 16 levels left

Res.Fire  : + + .   See Invis. : .   F - +0,+3 orc dagger (speed)
Res.Cold  : x . .   Warding    : .   C - +0 robe
Life Prot.: . . .   Conserve   : .   (no shield)
Res.Poison: .       Res.Corr.  : .   u - +0 spiked helmet
Res.Elec. : .       Clarity    : .   (no cloak)
Sust.Abil.: . .     Spirit.Shd : .   (no gloves)
Res.Mut.  : .       Stasis     : .   (no boots)
Res.Rott. : .       Flight     : .   m - amulet of the gourmand
Gourmand  : +                        l - ring of protection from fire
                                     h - ring of fire

@: somewhat resistant to hostile enchantments, stealthy
A: no striking features
a: Renounce Religion


You were on level 9 of the Dungeon.
You worshipped Vehumet.
Vehumet was aware of your devotion.
You were full.

You visited 2 branches of the dungeon, and saw 10 of its levels.

You collected 265 gold pieces.
You spent 42 gold pieces at shops.

Inventory:

Hand weapons
 f - a +2,+4 orcish dagger (quivered)
 B - a +1,+2 whip of flaming
 F - a +0,+3 orcish dagger of speed (weapon)
Armour
 a - a +0 elven robe
 e - a +0 pair of orcish gauntlets
 i - a +2 orcish leather armour of cold resistance
 u - a +0 spiked helmet (worn)
 C - a +0 robe (worn)
Magical devices
 k - a wand of fire (11)
 J - a wand of paralysis (2) {unknown}
Comestibles
 c - 4 bread rations
 o - a slice of pizza
 t - a pear
 w - a cheese
 x - a choko
 A - an apple
Scrolls
 d - a scroll of enchant weapon I
 n - 2 scrolls of magic mapping
 p - 4 scrolls of identify
 r - a scroll of noise
 y - 2 scrolls of remove curse
 G - a scroll of immolation
 K - a scroll of summoning
Jewellery
 h - a ring of fire (left hand)
 l - a ring of protection from fire (right hand)
 m - an amulet of the gourmand (around neck)
 D - a +2 ring of strength {unknown}
 E - an uncursed ring of fire
 H - an uncursed ring of flight {unknown}
Potions
 g - 2 potions of curing
 j - 3 potions of brilliance
 q - a potion of agility {unknown}
 s - a potion of resistance {unknown}
 v - 3 potions of heal wounds
 I - a potion of speed {unknown}
Books
 b - a book of Flames

   Spells                             Type                      Level
   *Flame Tongue                      Conjuration/Fire             1
   *Throw Flame                       Conjuration/Fire             2
   *Conjure Flame                     Conjuration/Fire             3
   Inner Flame                        Hexes/Fire                   3
   *Sticky Flame                      Conjuration/Fire             4
   *Fireball                          Conjuration/Fire             5


   Skills:
 + Level 5.7 Dodging
 + Level 3.4 Stealth
 * Level 11.1 Spellcasting
 * Level 9.2 Conjurations
 * Level 9.7 Fire Magic


You had 16 spell levels left.
You knew the following spells:

 Your Spells              Type           Power        Failure   Level  Hunger
a - Flame Tongue          Conj/Fire      #####        1%          1    None
b - Throw Flame           Conj/Fire      ######       1%          2    None
c - Conjure Flame         Conj/Fire      ######..     1%          3    None
d - Sticky Flame          Conj/Fire      ######..     1%          4    None
e - Fireball              Conj/Fire      ######....   2%          5    ###....


Dungeon Overview and Level Annotations

Branches:
Dungeon (9/27)             Temple (1/1) D:7             Orc (0/4) D:7
   Lair: D:8-13

Altars:
Cheibriados
Elyvilon
Fedhas
Kikubaaqudgha
Makhleb
Nemelex Xobeh
Sif Muna
Vehumet
Yredelemnul
Zin
the Shining One

Shops:
D:7 !

Annotations:
D:9 Gastronok, Grum


Message History

Aiming: Flame Tongue
Press: ? - help, Shift-Dir - straight line, f/p - Grum
Aim: Grum, wielding a glaive and wearing an animal skin (moderately wounded)
You feel a surge of power!
The flame hits the phantom.
The phantom is severely damaged.
The phantom completely misses you.
You hear a grinding noise.
Casting: Flame Tongue
Confirm with . or Enter, or press ? or * to list all spells.
Okay, then.
Casting: Flame Tongue
Confirm with . or Enter, or press ? or * to list all spells.
Aiming: Flame Tongue
Press: ? - help, Shift-Dir - straight line, f/p - Grum
Aim: Grum, wielding a glaive and wearing an animal skin (moderately wounded)
You feel a surge of power!
The flame hits the phantom.
You destroy the phantom!
Vehumet accepts your kill. Grum hits you from afar with a glaive!
You die...

. ##.... ##.....#
.#......# ....#.#.#
......... #.....#..
############.......!.
#...@.g#.##%........Z
#.####k)..O..........
#..#<#..%ยง..........
######....#.........
##.###......... ###
##.#.#... ###.##. ..
.


You could see Grum, an ogre and a killer bee.

Vanquished Creatures
  Pikel (D:5)
  Grinder (D:5)
  A trapdoor spider zombie (D:9)
  A manticore (D:8)
  A slave (D:5)
  2 wolves (D:9)
  5 phantoms
  3 orc warriors
  2 centaurs
  2 ice beasts
  A yellow wasp (D:9)
  A black bear (D:7)
  5 ogres
  A sky beast (D:6)
  Duvessa (D:5)
  3 giant frogs
  2 killer bees (D:9)
  A cyclops skeleton (D:9)
  A hippogriff zombie (D:5)
  3 wights (D:8)
  A giant frog zombie (D:6)
  4 crimson imps
  Dowan (D:5)
  2 centaur zombies
  2 hounds
  7 orc priests
  A centaur skeleton (D:4)
  A giant frog skeleton (D:4)
  A jelly (D:7)
  2 orc wizards (D:4)
  5 worker ants
  3 scorpions
  An ogre skeleton (D:5)
  A worker ant zombie (D:5)
  6 adders
  6 gnolls
  2 inept feature mimics
  2 giant mites
  12 worms
  An adder skeleton (D:9)
  A scorpion zombie (D:8)
  An iguana zombie (D:5)
  2 giant geckos
  28 orcs
  A bat zombie (D:5)
  6 giant cockroaches
  A giant mite zombie (D:6)
  11 goblins
  21 hobgoblins
  2 jackals (D:5)
  6 quokkas
  2 ball pythons (D:3)
  11 bats
  2 giant gecko skeletons
  2 giant gecko zombies (D:5)
  5 giant newts
  A giant spore (D:8)
  A goblin skeleton (D:5)
  A hobgoblin zombie (D:5)
  15 kobolds
  A kobold skeleton (D:5)
  An orc skeleton (D:5)
  An orc zombie (D:5)
  10 rats
  5 ballistomycetes (D:8)
237 creatures vanquished.

Vanquished Creatures (collateral kills)
  A quokka (D:7)
1 creature vanquished.

Vanquished Creatures (others)
  A giant frog skeleton (D:5)
  A giant spore (D:8)
2 creatures vanquished.

Grand Total: 240 creatures vanquished

Notes
Turn   | Place    | Note
--------------------------------------------------------------
     0 | D:1      | Goboxel, the Deep Elf Fire Elementalist, began the quest for the Orb.
     0 | D:1      | Reached XP level 1. HP: 10/10 MP: 4/4
   279 | D:1      | Reached XP level 2. HP: 13/15 MP: 4/6
  1027 | D:2      | Learned a level 2 spell: Throw Flame
  1154 | D:2      | Reached XP level 3. HP: 16/19 MP: 1/9
  1524 | D:2      | Reached skill level 4 in Fire Magic
  1524 | D:2      | Reached XP level 4. HP: 24/24 MP: 9/13
  1744 | D:2      | Learned a level 3 spell: Conjure Flame
  1749 | D:2      | Learned a level 4 spell: Sticky Flame
  2282 | D:3      | Reached XP level 5. HP: 25/28 MP: 13/17
  3608 | D:4      | Reached skill level 5 in Fire Magic
  3695 | D:4      | Reached XP level 6. HP: 32/32 MP: 13/20
  3756 | D:4      | Reached skill level 5 in Spellcasting
  4039 | D:4      | Noticed an ogre
  4046 | D:4      | Killed an ogre
  4150 | D:4      | Found a blossoming altar of Fedhas.
  4150 | D:4      | Found a snail-covered altar of Cheibriados.
  4240 | D:5      | Entered Level 5 of the Dungeon
  4248 | D:5      | Reached XP level 7. HP: 30/36 MP: 5/22
  4376 | D:5      | Noticed Pikel
  4402 | D:4      | Learned a level 5 spell: Fireball
  4432 | D:4      | Reached skill level 6 in Spellcasting
  4432 | D:4      | Reached skill level 5 in Conjurations
  4439 | D:4      | Found a white marble altar of Elyvilon.
  4658 | D:5      | Noticed Dowan
  4659 | D:5      | Noticed Duvessa
  4666 | D:5      | Killed Dowan
  4679 | D:5      | Killed Duvessa
  4679 | D:5      | Reached skill level 7 in Spellcasting
  4836 | D:5      | Reached XP level 8. HP: 13/41 MP: 2/25
  5081 | D:5      | Killed Pikel
  5081 | D:5      | Reached skill level 8 in Spellcasting
  5211 | D:5      | Noticed Grinder
  5218 | D:5      | Killed Grinder
  5711 | D:6      | Reached skill level 9 in Spellcasting
  5851 | D:6      | Reached XP level 9. HP: 36/45 MP: 25/28
  6507 | D:7      | Found Ytagu's Distillery.
  6513 | D:7      | Bought a potion of poison for 14 gold pieces
  6513 | D:7      | Bought a potion of degeneration for 28 gold pieces
  6896 | D:7      | Found a staircase to the Orcish Mines.
  7417 | D:7      | Reached skill level 10 in Spellcasting
  7664 | D:7      | Found a staircase to the Ecumenical Temple.
  7983 | D:7      | Found a sparkling altar of Nemelex Xobeh.
  8104 | Temple   | Entered the Ecumenical Temple
  8122 | Temple   | Became a worshipper of Vehumet
  8214 | D:8      | Reached skill level 5 in Dodging
  9163 | D:8      | Reached XP level 10. HP: 42/50 MP: 27/30
  9414 | D:8      | Acquired Vehumet's first power
  9414 | D:8      | Offered knowledge of Magic Dart by Vehumet.
  9580 | D:9      | Noticed Gastronok
  9929 | D:9      | Noticed Grum
  9934 | D:9      | Reached skill level 11 in Spellcasting
  9937 | D:9      | Slain by Grum

Action                   |  1- 3 |  4- 6 |  7- 9 | 10-12 || total
-------------------------+-------+-------+-------+-------++-------
Melee: Hand axe          |    19 |       |       |       ||    19
       Dagger            |    10 |    29 |   322 |     4 ||   365
 Cast: Flame Tongue      |    51 |   142 |   142 |    20 ||   355
       Throw Flame       |     1 |     8 |     6 |     1 ||    16
       Conjure Flame     |       |     2 |     1 |     1 ||     4
       Sticky Flame      |       |     6 |    32 |     6 ||    44
       Fireball          |       |       |    20 |    10 ||    30
Evoke: Wand              |       |     1 |     1 |       ||     2
  Use: Scroll            |     6 |     8 |    11 |       ||    25
       Potion            |       |       |     2 |     1 ||     3
 Stab: Sleeping          |     3 |     2 |     4 |       ||     9
